 Dungeon Crawl Stone Soup version 0.32-a0-43-g058985b245 (webtiles) character file.

Game seed: 11025682687004532863

3 Ceno the Ruffian (level 1, 0/13 HPs)
             Began as an Octopode Shapeshifter on Feb 5, 2024.
             Killed from afar by a dart slug (6 damage)
             ... with a slug dart
             ... on level 1 of the Dungeon.
             The game lasted 00:00:42 (165 turns).

Ceno the Ruffian (Octopode Shapeshifter)             Turns: 165, Time: 00:00:43

Health: 0/13       AC:  1    Str: 13    XL:     1   Next: 50%
Magic:  1/1        EV: 13    Int: 12    God:
Gold:   0          SH:  0    Dex: 11    Spells: 0/0 levels left

rFire   . .          .
                       - Unarmed
rCold   . . .        (no shield)
rNeg    . . .        (helmet currently unavailable)
rPois   .            (no amulet)
rElec   .            (no ring)
rCorr   .            (no ring)
SInv    .            (no ring)
Will    .....        (no ring)
Stlth   +++          (no ring)
HPRegen 0.22/turn    (no ring)
MPRegen 0.07/turn    (no ring)
                     (no ring)

%: no passive effects
@: beast-form
A: beast (slay +1), almost no armour, amphibious, 8 rings, camouflage 1,
gelatinous body 1, nimble swimmer 1, tentacles
a: Begin Untransformation


You were on level 1 of the Dungeon.
You were a hulking beast.
You visited 1 branch of the dungeon, and saw 1 of its levels.

Inventory:

Missiles
 d - 4 poisoned darts (quivered)
Talismans
 b - a beast talisman
 c - a flux talisman
Scrolls
 e - a scroll of vulnerability {unknown}
Potions
 a - a potion of lignification


   Skills:
 + Level 1.1 Fighting
 - Level 2.0 Dodging
 * Level 3.1 Unarmed Combat
 + Level 3.0 Shapeshifting


You couldn't memorise any spells.
You didn't know any spells.
Your spell library was empty.

Dungeon Overview and Level Annotations

Branches:
Dungeon (1/15)

Altars:


Innate Abilities, Weirdness & Mutations

You are a hulking beast.
Your limbs bulge with bestial killing power. (Slay +1)
You cannot wear most types of armour.
You are amphibious.
You can wear up to eight rings at the same time.
Your skin changes colour to match your surroundings (Stealth+).
Your rubbery body absorbs attacks. (AC +1, EV +1)
You are camouflaged when in or above water. (Stealth+)
You have tentacles for arms and can constrict up to eight enemies at once.


Message History

Found 4 poisoned darts.
You see here a rat corpse.
You see here 4 poisoned darts.
d - 4 poisoned darts You open the door.
Found a stone staircase leading down.
There is an open door here.
There is a stone staircase leading down here.
A ball python comes into view.
Found a scroll labelled EDIBBI ENUDWU.
The ball python hisses angrily.
The ball python bites you. The ball python closely misses you.
You tentacle-slap the ball python. You grab the ball python.
The ball python is severely wounded.
You constrict the ball python.
You kill the ball python!
e - a scroll labelled EDIBBI ENUDWU You open the door.
There is an open door here.
A bat comes into view.
Found a faded altar of an unknown god.
You enter the shallow water.
You enter the deep water.
A dart slug comes into view.
The bat hits you but does no damage.
You tentacle-slap the bat. Your grab misses the bat.
The bat is severely wounded.
The bat hits you.
A rat comes into view.
The bat closely misses you.
You bludgeon the bat!
You kill the bat!
The dart slug launches a dart at you. The slug dart hits you.
You enter the shallow water.
The dart slug launches a dart at you. The slug dart hits you.
The dart slug launches a dart at you. The slug dart hits you.
You die...

#############
#.~..~.~.~~~.
#r~...~.~≈≈~~
#.~~~≈~~~≈≈≈.~.
#..≈≈~≈≈≈≈≈≈.~..
###..~≈≈~≈≈≈≈≈~....
#..w.~≈≈~~♣≈≈~.....
#...~h~~♣_♣≈≈~.~...
#....~≈~.†♣≈≈~....
#...~≈≈~~≈≈≈≈~.~#
#...≈≈≈~~~~≈≈~..#
#..~~≈~~~≈≈~~~.~###.
#...~~...~~...~.....
#......~~~..~~~~#####
#........##...#.#...#
............##.#.#.#


You could see a dart slug and a rat (asleep).

Vanquished Creatures
  2 ball pythons (D:1)
  A bat (D:1)
  A rat (D:1)
4 creatures vanquished.

Notes
Turn   | Place    | Note
-------+----------+-------------------------------------------
     0 | D:1      | Ceno the Octopode Shapeshifter began the quest for the Orb.
     0 | D:1      | Reached XP level 1. HP: 13/13 MP: 1/1
   154 | D:1      | Found a faded altar of an unknown god.
   165 | D:1      | Killed from afar by a dart slug

Illustrated notes

Levels and vault maps discovered:
D:1:      matt_arrival_grand_opening, layout_basic,
          chequers_ecumenical_altar_island, minmay_3d_cube

Action                     || total
---------------------------++-------
  Melee: Unarmed           ||     6
         Constrict         ||     3
 Armour: Skin              ||     7
  Dodge: Dodged            ||     2

Table legend: (Time is in decaauts)
 A = Elapsed time spent in this place.
 B = Non-inter-level travel time spent in this place.
 C = Inter-level travel time spent in this place.
 D = Time resting spent in this place.
 E = Time spent auto-exploring this place.
 F = Levels seen in this place.
 G = Mean time per level.
                   A        B        C        D        E       F      G
               +--------+--------+--------+--------+--------+-----+--------+
         Total |    164 |    164 |      0 |      0 |    117 |   1 |  164.0 |
       Dungeon |    164 |    164 |      0 |      0 |    117 |   1 |  164.0 |
               +--------+--------+--------+--------+--------+-----+--------+

Top non-repeatable levels by time:
     D:1: 164 daAuts
